 Dungeon Sprint DCSS version 0.29-a0-1008-g949cc1d0fb (webtiles) character file.

Game seed: 9382827994233815683

1482 mhtbhm the Imperceptible (level 8, -2/42 HPs)
             Began as a Spriggan Brigand on Aug 7, 2022.
             Was a Priest of Dithmenos.
             Slain by a two-headed ogre
             ... wielding a +0 giant club
              (17 damage)
             ... in the Dungeon (Sprint III: "The Ten Rune Challenge").
             The game lasted 00:02:57 (734 turns).

mhtbhm the Imperceptible (Spriggan Brigand)          Turns: 734, Time: 00:02:57

Health: -2/42      AC:  3    Str:  7    XL:     8   Next: 50%
Magic:  12/12      EV: 18    Int: 12    God:    Dithmenos [***...]
Gold:   68         SH:  0    Dex: 19    Spells: 5/7 levels left

rFire   . . .      SeeInvis +   a - +2 dagger
rCold   . . .      Faith    .   (no shield)
rNeg    . . .      Spirit   .   b - +0 robe
rPois   +          Reflect  .   (helmet restricted)
rElec   .          Harm     .   c - +0 cloak
rCorr   .          Rampage  .   (gloves unavailable)
Will    +....      NoTele   +   (boots unavailable) Stlth *+++++++++
                                (no amulet)
HPRegen 0.14/turn               (no ring)
MPRegen 0.13/turn               (no ring)

@: wreathed by umbra, very quick
A: very small, no large weapons, unfitting armour, see invisible, speed 3, low
MP 1, poison resistance
a: Renounce Religion, Shadow Step


You were in the Dungeon.
You worshipped Dithmenos.
Dithmenos was most pleased with you.
You visited 1 branch You collected 68 gold pieces.

Inventory:

Hand Weapons
 a - a +2 dagger (weapon)
Armour
 b - a +0 robe (worn)
 c - a +0 cloak (worn)
Scrolls
 k - a scroll of blinking
 l - 2 scrolls of torment {unknown}
 m - 2 scrolls of identify {unknown}
Potions
 f - a potion of curing
 h - a potion of haste
 i - 2 potions of magic
 j - 2 potions of berserk rage
 n - a potion of lignification {unknown}
 o - 3 potions of flight
 p - 2 potions of mutation
 q - a potion of might
Miscellaneous
 r - a tin of tremorstones (inert)


   Skills:
 + Level 4.8 Fighting
 + Level 7.0 Short Blades
 + Level 5.9 Throwing
 + Level 3.6 Dodging
 + Level 21.9 Stealth
 * Level 6.9 Invocations
 + Level 0.2 Evocations


You had 5 spell levels left.
You knew the following spells:

 Your Spells              Type           Power      Damage    Failure   Level
a - Wereblood             Tmut           0%         N/A       45%         2

Your spell library contained the following spells:

 Spells                   Type           Power      Damage    Failure   Level
 Sublimation of Blood     Necr           0%         N/A       45%         2
 Petrify                  Tmut/Erth      0%         N/A       97%         4
 Metabolic Englaciation   Hex/Ice        0%         N/A       100%        5
 Statue Form              Tmut/Erth      0%         N/A       100%        6
 Summon Hydra             Summ           0%         N/A       100%        7


Dungeon Overview and Level Annotations

Branches:
Dungeon (1/1)

Altars:
Cheibriados
Dithmenos
Elyvilon
Fedhas
Gozag
Hepliaklqana
Kikubaaqudgha
Makhleb
Nemelex Xobeh
Okawaru
Qazlal
Ru
Sif Muna
Trog
Uskayaw
Vehumet
Wu Jian
Xom
Yredelemnul
Zin
The Shining One
Jiyva
Lugonu


Innate Abilities, Weirdness & Mutations

You are very small and have problems with some larger weapons.
You are too small for most types of armour.
You have supernaturally acute eyesight. (SInv)
You cover ground extremely quickly. (Speed+++)
Your magical capacity is low. (-10% MP)
Your system is resistant to poisons. (rPois)


Message History

The burst of rock shards engulfs the two-headed ogre!!
The burst of rock shards engulfs you!!
Ouch! That really hurt!
You emit a cloud of dark smoke.
The tin is emptied!
Unknown command.
Unknown command.
Okay, then.
You feel much better. The two-headed ogre misses you.
The two-headed ogre hits you with a +0 giant spiked club.
You hit the two-headed ogre.
The two-headed ogre is heavily wounded.
You hit the two-headed ogre but do no damage.
The two-headed ogre is heavily wounded.
You barely miss the two-headed ogre.
The two-headed ogre is severely wounded.
The two-headed ogre barely misses you. The two-headed ogre misses you.
You hit the two-headed ogre.
The two-headed ogre is severely wounded.
You hit the two-headed ogre.
The two-headed ogre is severely wounded.
The two-headed ogre misses you.
The two-headed ogre hits you with a +0 giant spiked club!!
Ouch! That really hurt!
You emit a cloud of dark smoke.
Unknown command.
Okay, then.
Okay, then.
Press: ? - help, v - describe, . - travel The floor.
This square is wreathed by an umbra.
There is a cloud of black smoke here.
Press: ? - help, v - describe, . - travel
Here: a two-headed ogre, wielding a +0 giant club and a +0 giant spiked club (black smoke, almost dead, very poisoned, umbra)
The floor, spattered with blood.
You hit the two-headed ogre.
The two-headed ogre is almost dead.
The two-headed ogre completely misses you.
The two-headed ogre hits you with a +0 giant spiked club!
You die...

▓#'####....♣.♣ ..#)..#__)#÷
▓.....#....~♣ ♣.###'#'###'
▓†....#...~~♣♣♣♣♣§#..(.()...
▓.....#..~~§~♣..§§§.⌠.......
▓####'#..~≈≈§~~.§§#...######
▓.....#.~~≈~§~..§§#.⌠.#__#..
▓.....#.~§§§§§....#...#__#..
▓.....#.~§§§§§§...#'###__#..
▓'#####..§§@O§§...#.))#__#..
▓..........§§§....#___#__'..
▓▓▓▓▓▓▓▓▓▓▓▓▓▓▓▓▓▓▓▓▓▓▓▓▓▓▓▓


You could see a two-headed ogre (very poisoned).

Vanquished Creatures
  A deep elf pyromancer (D)
  A shadow (D)
  A spatial vortex (D)
  3 two-headed ogres (D)
  A necrophage (D)
  A water elemental (D)
  A jelly (D)
  A wizard (D)
  A necromancer (D)
  A kobold demonologist (D)
  3 humans (D)
  A phantom (D)
  An endoplasm (D)
  3 rats (D)
20 creatures vanquished.

Notes
Turn   | Place    | Note
-------+----------+-------------------------------------------
     0 | D        | mhtbhm the Spriggan Brigand began the quest for the Orb.
     0 | D        | Reached XP level 1. HP: 10/10 MP: 2/2
     6 | D        | Reached skill level 6 in Stealth
    75 | D        | Reached skill level 7 in Stealth
   105 | D        | Reached skill level 9 in Stealth
   105 | D        | Reached XP level 2. HP: 15/15 MP: 3/3
   169 | D        | Gained mutation: Your spells are a little harder to cast,
                  | but a little more powerful. [potion of mutation]
   170 | D        | Lost mutation: Your spells are a little harder to cast, but
                  | a little more powerful. [potion of mutation]
   170 | D        | Gained mutation: Your magical capacity is low. (-10% MP)
                  | [potion of mutation]
   170 | D        | Gained mutation: Your system is resistant to poisons.
                  | (rPois) [potion of mutation]
   207 | D        | Noticed a water elemental
   210 | D        | Killed a water elemental
   211 | D        | Reached skill level 12 in Stealth
   211 | D        | Reached XP level 3. HP: 19/19 MP: 3/3
   211 | D        | Reached XP level 4. HP: 23/23 MP: 4/4
   223 | D        | Found a shadowy altar of Dithmenos.
   223 | D        | Noticed a necrophage
   224 | D        | Found a basalt altar of Yredelemnul.
   224 | D        | Found a sacrificial altar of Ru.
   243 | D        | Killed a necrophage
   244 | D        | Reached skill level 14 in Stealth
   244 | D        | Reached XP level 5. HP: 21/28 MP: 5/5
   316 | D        | Became a worshipper of Dithmenos the Shadowed
   333 | D        | Found a radiant altar of Vehumet.
   334 | D        | Found a shimmering blue altar of Sif Muna.
   334 | D        | Found an ancient bone altar of Kikubaaqudgha.
   336 | D        | Reached skill level 15 in Stealth
   336 | D        | Reached skill level 1 in Invocations
   346 | D        | Learned a level 2 spell: Wereblood
   353 | D        | Found a glowing silver altar of Zin.
   354 | D        | Found a glowing golden altar of the Shining One.
   354 | D        | Found a white marble altar of Elyvilon.
   354 | D        | Noticed a deep elf pyromancer
   356 | D        | Killed a deep elf pyromancer
   356 | D        | Reached * piety under Dithmenos
   357 | D        | Reached skill level 5 in Throwing
   357 | D        | Reached skill level 19 in Stealth
   357 | D        | Reached skill level 5 in Invocations
   357 | D        | Reached XP level 6. HP: 33/33 MP: 6/9
   357 | D        | Reached XP level 7. HP: 37/37 MP: 6/10
   396 | D        | Found a hide-covered altar of Uskayaw.
   396 | D        | Found an iron altar of Okawaru.
   397 | D        | Found a bloodstained altar of Trog.
   397 | D        | Found an ornate altar of the Wu Jian Council.
   397 | D        | Noticed a human
   397 | D        | Noticed a human
   399 | D        | Killed a human
   400 | D        | Killed a human
   401 | D        | Reached skill level 20 in Stealth
   416 | D        | Noticed a shadow
   418 | D        | Killed a shadow
   418 | D        | Reached ** piety under Dithmenos
   419 | D        | Reached XP level 8. HP: 42/42 MP: 12/12
   424 | D        | Found a blossoming altar of Fedhas.
   424 | D        | Found a stormy altar of Qazlal.
   425 | D        | Found a snail-covered altar of Cheibriados.
   425 | D        | Found a burning altar of Makhleb.
   425 | D        | Found a hazy altar of Hepliaklqana.
   425 | D        | Found a shimmering altar of Xom.
   425 | D        | Found an opulent altar of Gozag.
   425 | D        | Found a sparkling altar of Nemelex Xobeh.
   425 | D        | Found a corrupted altar of Lugonu.
   425 | D        | Found a viscous altar of Jiyva.
   428 | D        | Reached skill level 21 in Stealth
   475 | D        | Reached *** piety under Dithmenos
   678 | D        | Noticed a two-headed ogre
   734 | D        | Slain by a two-headed ogre

Illustrated notes

Levels and vault maps discovered:
D:        dungeon_sprint_mu [sprint_mu_entry_forest, sprint_mu_temple_rooms,
          sprint_mu_d1_spiders, sprint_mu_d2_genie, sprint_mu_d3_branching,
          sprint_mu_orc_legion, sprint_mu_elf_gauntlet, sprint_mu_hive_nellie,
          sprint_mu_lair_fedhas, sprint_mu_vaults_butterflies,
          sprint_mu_slime_circle, sprint_mu_swamp_cave, sprint_mu_snake_twists,
          sprint_mu_blade_basic, sprint_mu_crypt_chambers,
          sprint_mu_tomb_spiral, sprint_mu_vestibule_basic,
          sprint_mu_gehenna_hellfire, sprint_mu_dis_giant,
          sprint_mu_tartarus_statrot, sprint_mu_cocytus_islands, sprint_mu_zot1]

Skill      XL: |  1  2  3  4  5  6  7  8 |
---------------+-------------------------+-----
Stealth        | 9 12 14 19 20 21 | 21.9
Fighting       | 2 3 4 |  4.8
Short Blades   | 3 4 6 7 |  7.0
Throwing       | 3 5 |  5.9
Dodging        | 2 3 |  3.6
Invocations    | 5 6 |  6.9
Evocations     | |  0.2

Action                   |  1- 3 |  4- 6 |  7- 9 || total
-------------------------+-------+-------+-------++-------
Melee: Dagger            |    15 |    21 |    13 ||    49
Throw: Dart              |     3 |       |    24 ||    27
Evoke: Tin of tremorston |       |       |     3 ||     3
  Use: Potion            |     2 |     1 |     1 ||     4
 Stab: Sleeping          |     3 |     4 |     6 ||    13
Armor: Robe              |     1 |       |       ||     1
Dodge: Dodged            |     8 |    11 |     5 ||    24

Table legend: (Time is in decaauts)
 A = Elapsed time spent in this place.
 B = Non-inter-level travel time spent in this place.
 C = Inter-level travel time spent in this place.
 D = Time resting spent in this place.
 E = Time spent auto-exploring this place.
 F = Levels seen in this place.
 G = Mean time per level.
                   A        B        C        D        E       F      G
               +--------+--------+--------+--------+--------+-----+--------+
         Total |    588 |    588 |      0 |    278 |      0 |   1 |  588.0 |
       Dungeon |    588 |    588 |      0 |    278 |      0 |   1 |  588.0 |
               +--------+--------+--------+--------+--------+-----+--------+

Top non-repeatable levels by time:
       D: 588 daAuts
